 Dungeon Crawl Stone Soup version 0.29-a0-559-g359e09b9d1 (webtiles) character file.

Game seed: 2238366887035060841

458 Heedrag the Conjurer (level 6, -4/41 HPs)
             Began as a Demonspawn Conjurer on June 9, 2022.
             Slain by an iguana (10 damage)
             ... on level 5 of the Dungeon.
             The game lasted 00:05:31 (4582 turns).

Heedrag the Conjurer (Demonspawn Conjurer)          Turns: 4582, Time: 00:05:31

Health: -4/41      AC:  3    Str:  7    XL:     6   Next: 77%
Magic:  8/19       EV: 12    Int: 24    God:
Gold:   213        SH:  4    Dex: 11    Spells: 3/10 levels left

rFire   . . .      SeeInvis .   k - +4 dagger "Zisteyqo" {drain, Int+2}
rCold   . . .      Faith    .   (no shield)
rNeg    . . .      Spirit   .   a - +0 robe
rPois   .          Reflect  .   (no helmet)
rElec   .          Harm     .   h - +0 cloak
rCorr   .          Rampage  .   (no gloves)
Will    .....                   (no boots)
Stlth   ++........              (no amulet)
HPRegen 0.13/turn               t - ring of magical power
MPRegen 0.16/turn               (no ring)

@: no status effects
A: hooves 1, powered by death 1, condensation shield
a: no special abilities


You were on level 5 of the Dungeon.
You visited 1 branch of the dungeon, and saw 5 of its levels.

You collected 213 gold pieces.

Inventory:

Hand Weapons
 e - a +1 short sword of protection
   (You took it off a kobold on level 1 of the Dungeon)
 k - the +4 dagger "Zisteyqo" (weapon) {drain, Int+2}
   (You found it on level 2 of the Dungeon)

   A truly terrible weapon, it drains the life of any living foe it strikes.
   Int:       It affects your intelligence (+2).
Missiles
 y - a throwing net {!f}
Armour
 a - a +0 robe (worn)
 h - a +0 cloak (worn)
   (You found it on level 1 of the Dungeon)
 i - a +0 kite shield
   (You found it on level 2 of the Dungeon)
Jewellery
 t - a ring of magical power (left hand)
   (You found it on level 3 of the Dungeon)
Wands
 d - a wand of iceblast (11)
   (You found it on level 3 of the Dungeon)
Scrolls
 j - 2 scrolls of enchant weapon {unknown}
 l - 5 scrolls of identify {unknown}
 m - a scroll of amnesia {unknown}
 n - a scroll of blinking {unknown}
 o - a scroll of teleportation {unknown}
 q - 2 scrolls of poison {unknown}
 v - a scroll of fog {unknown}
 x - a scroll of magic mapping {unknown}
 A - a scroll of summoning {unknown}
Potions
 b - a potion of magic
 c - a potion of mutation {unknown}
 f - 2 potions of brilliance {unknown}
 g - a potion of curing {@q1}
 p - 2 potions of invisibility
 r - a potion of cancellation {unknown}
 s - a potion of resistance {unknown}
 u - a potion of might {unknown}
 w - a potion of haste {unknown}
 z - 2 potions of degeneration {unknown}


   Skills:
 - Level 2.3 Dodging
 - Level 2.4 Stealth
 - Level 2.9 Spellcasting
 * Level 6.8 Conjurations
 + Level 2.5 Hexes


You had 3 spell levels left.
You knew the following spells:

 Your Spells              Type           Power      Damage    Failure   Level
a - Magic Dart            Conj           100%       1d8       1%          1
s - Searing Ray           Conj           72%        2d7       1%          2
z - Fulminant Prism       Conj/Hex       13%        3d9       16%         4

Your spell library contained the following spells:

 Spells                   Type           Power      Damage    Failure   Level
 Dazzling Flash           Conj/Hex       52%        N/A       4%          3
 Freeze                   Ice            12%        1d4       11%         1
 Blink                    Tloc           6%         N/A       17%         2
 Frozen Ramparts          Ice            6%         1d2       32%         3
 Gell's Gravitas          Tloc           3%         N/A       32%         3
 Teleport Other           Tloc           3%         N/A       32%         3
 Hailstorm                Conj/Ice       19%        3d6       26%         4
 Iskenderun's Mystic Bla  Conj/Tloc      19%        2d6       26%         4
 Manifold Assault         Tloc           3%         N/A       97%         5
 Dispersal                Tloc           1%         N/A       100%        6
 Storm Form               Tmut/Air       1%         N/A       100%        7


Dungeon Overview and Level Annotations

Branches:
Dungeon (5/15)
 Temple: D:4-7

Altars:

Annotations:
D:4 exclusion: wyvern


Innate Abilities, Weirdness & Mutations

You have large cloven feet.
You regenerate a little health from kills.
A meltable shield of frost defends you. (SH +4)


Message History

Found a stone staircase leading down.
Found an escape hatch in the floor.
A centaur comes into view.
A centaur is nearby!
A centaur is nearby!
A centaur is nearby!
A centaur is nearby!
The magic dart hits the centaur.
The centaur shouts!
You hear an angry hiss.
The centaur wields a +0 shortbow.
The centaur shoots an arrow.
The arrow barely misses you.
An iguana comes into view.
The centaur unwields a +0 shortbow.
The centaur barely misses you. The centaur kicks you.
The centaur barely misses you.
The centaur kicks you but does no damage.
Aim: a centaur (88% to hit)
The searing ray hits the centaur. (Press . to maintain the ray.)
You block the centaur's attack. The centaur misses you.
The searing ray hits the centaur!
The centaur barely misses you.
The centaur kicks you but does no damage.
The centaur hits you. The centaur closely misses you.
The iguana closely misses you.
The searing ray misses the centaur.
The centaur closely misses you. The centaur barely misses you.
The iguana bites you!
The searing ray hits the centaur!
You finish channelling your searing ray.
The centaur hits you but does no damage.
The centaur kicks you. The centaur hits you.
* * * LOW HITPOINT WARNING * * *
The centaur kicks you but does no damage.
The iguana bites you.
* * * LOW HITPOINT WARNING * * *
Okay, then.
Aim: a centaur (almost dead, 88% to hit)
The searing ray hits the centaur!
You kill the centaur! (Press . to maintain the ray.)
The iguana bites you.
* * * LOW HITPOINT WARNING * * *
Restarting spell: Searing Ray (safe; 1% risk of failure)
Aim: an iguana (83% to hit)
The searing ray hits the iguana. (Press . to maintain the ray.)
The iguana bites you.
* * * LOW HITPOINT WARNING * * *
The searing ray hits the iguana.
The iguana bites you.
* * * LOW HITPOINT WARNING * * *
The searing ray hits the iguana.
The iguana bites you!
You die...

#########...
#.....>........
######...)..........
##...##........#.....
#..#.......<...#.....
###.#####..............
##......................
.....#####.......l......
..#..........###@##....
......######## #).# .
....#...# ##...
......[.... ####
..........# ..........#
........... ..........#
#...#...#.


You could see an iguana.

Vanquished Creatures
  An ogre (D:4)
  A centaur (D:5)
  2 hounds
  A gnoll shaman (D:4)
  An iguana (D:4)
  2 orc wizards (D:4)
  4 gnolls (D:4)
  3 adders
  4 dart slugs
  5 orcs
  2 bats
  4 endoplasms
  A giant cockroach (D:1)
  6 goblins
  3 hobgoblins
  2 jackals (D:4)
  10 kobolds
  2 quokkas
  6 ball pythons
  3 frilled lizards
  5 rats
68 creatures vanquished.

Vanquished Creatures (others)
  4 fulminant prisms (D:4)
4 creatures vanquished.

Grand Total: 72 creatures vanquished

Notes
Turn   | Place    | Note
-------+----------+-------------------------------------------
     0 | D:1      | Heedrag the Demonspawn Conjurer began the quest for the
                  | Orb.
     0 | D:1      | Reached XP level 1. HP: 13/13 MP: 3/3
   357 | D:1      | Gained mutation: You regenerate a little health from kills.
                  | [demonic ancestry]
   357 | D:1      | Reached XP level 2. HP: 19/19 MP: 3/5
   637 | D:1      | Found a faded altar of an unknown god.
  1481 | D:2      | Identified the +4 dagger "Zisteyqo" {drain, Int+2}
  1634 | D:2      | Learned a level 2 spell: Searing Ray
  1755 | D:2      | Gained mutation: You have large cloven feet. [demonic
                  | ancestry]
  1755 | D:2      | Reached XP level 3. HP: 21/24 MP: 2/6
  3282 | D:4      | Noticed an ogre
  3289 | D:4      | Killed an ogre
  3290 | D:4      | Reached skill level 5 in Conjurations
  3290 | D:4      | Reached XP level 4. HP: 30/30 MP: 8/8
  3290 | D:4      | Gained mutation: A meltable shield of frost defends you.
                  | (SH +4) [demonic ancestry]
  3290 | D:4      | Reached XP level 5. HP: 35/35 MP: 9/9
  3295 | D:4      | Learned a level 4 spell: Fulminant Prism
  3443 | D:4      | Noticed a wyvern
  3522 | D:4      | Reached skill level 1 in Hexes
  3756 | D:4      | Reached skill level 6 in Conjurations
  3939 | D:4      | Reached XP level 6. HP: 41/41 MP: 10/10
  4493 | D:5      | Entered Level 5 of the Dungeon
  4582 | D:5      | Slain by an iguana

Illustrated notes

Levels and vault maps discovered:
D:1:      elethiomel_arrival_infinity_welcomes_careful_drivers, layout_basic,
          shapermc_ecumenical_altar_petra, nrook_loot_triangle
D:2:      kennysheep_big_flooded_room, layout_basic
D:3:      layout_basic, minmay_misc_feat_five
D:4:      layout_cave_pods
D:5:      layout_rooms, minmay_temple_entry_statues_pillars

Skill      XL: |  1  2  3  4  5  6 |
---------------+-------------------+-----
Stealth        | 2 |  2.4
Dodging        | 2 |  2.3
Conjurations   | 5 6 |  6.8
Hexes          | 1 2 |  2.5
Spellcasting   | |  2.9

Action                   |  1- 3 |  4- 6 || total
-------------------------+-------+-------++-------
Melee: Short sword       |    11 |     3 ||    14
       Kick              |     1 |       ||     1
       Punch             |     1 |       ||     1
 Cast: Magic Dart        |    88 |    47 ||   135
       Searing Ray       |     1 |     8 ||     9
       Fulminant Prism   |       |     4 ||     4
  Use: Potion            |       |     2 ||     2
Armor: Robe              |     2 |     8 ||    10
Dodge: Dodged            |    15 |    13 ||    28
Block: Other             |       |     3 ||     3

Table legend: (Time is in decaauts)
 A = Elapsed time spent in this place.
 B = Non-inter-level travel time spent in this place.
 C = Inter-level travel time spent in this place.
 D = Time resting spent in this place.
 E = Time spent auto-exploring this place.
 F = Levels seen in this place.
 G = Mean time per level.
                   A        B        C        D        E       F      G
               +--------+--------+--------+--------+--------+-----+--------+
         Total |   4589 |   4393 |    196 |    345 |   3564 |   5 |  917.8 |
       Dungeon |   4589 |   4393 |    196 |    345 |   3564 |   5 |  917.8 |
               +--------+--------+--------+--------+--------+-----+--------+

Top non-repeatable levels by time:
     D:1: 1430 daAuts
     D:4: 1314 daAuts
     D:3: 1004 daAuts
     D:2: 751 daAuts
     D:5: 88 daAuts
